 Dungeon Crawl Stone Soup version 0.31.0-7-gf635a9b802 (webtiles) character file.

Game seed: 11458836364714165928

3038 Armakuni the Skirmisher (level 9, -3/54 HPs)
             Began as a Deep Elf Hunter on Jan 23, 2024.
             Was an Initiate of Fedhas.
             Slain by a manticore (9 damage)
             ... on level 8 of the Dungeon.
             The game lasted 00:20:51 (6303 turns).

Armakuni the Skirmisher (Deep Elf Hunter)           Turns: 6303, Time: 00:20:52

Health: -3/54      AC: 10    Str: 10    XL:     9   Next: 56%
Magic:  11/11      EV: 13    Int: 15    God:    Fedhas [......]
Gold:   150        SH:  0    Dex: 20    Spells: 8/8 levels left

rFire   . . .        a - +1 shortbow (flame)
rCold   + . .        (shield currently unavailable)
rNeg    . . .        i - +0 swamp dragon scales
rPois   +            (no helmet)
rElec   .            (no cloak)
rCorr   +            r - +0 pair of gloves
SInv    .            d - +0 pair of boots
Will    .....        (no amulet)
Stlth   +            K - ring of resist corrosion
HPRegen 0.29/turn    J - ring of protection from cold
MPRegen 0.12/turn

%: no passive effects
@: no status effects
A: no striking features
a: Renounce Religion


You were on level 8 of the Dungeon.
You worshipped Fedhas.
Fedhas was noncommittal.
You visited 2 branches of the dungeon, and saw 9 of its levels.

You collected 417 gold pieces.
You spent 267 gold pieces at shops.

Inventory:

Hand Weapons
 a - a +1 shortbow of flaming (weapon)
 b - a +0 falchion of flaming
Armour
 d - a +0 pair of boots (worn)
 i - +0 swamp dragon scales (worn)
 r - a +0 pair of gloves (worn)
Jewellery
 t - the amulet of the Lizard {Reflect rPois Dex+6 SH+5}
   (You took it off a kobold demonologist on level 7 of the Dungeon)

   [amulet of reflection]

   Reflect:   It reflects blocked missile attacks.
   Dex+6:     It affects your dexterity (+6).
   rPois:     It protects you from poison SH+5: It affects your SH (+5).
 J - a ring of protection from cold (right hand)
 K - a ring of resist corrosion (left hand)
Wands
 g - a wand of paralysis (2)
 p - a wand of flame (19)
Scrolls
 c - a scroll of butterflies
 j - a scroll of identify
 k - 2 scrolls of vulnerability
 m - a scroll of poison
 q - 2 scrolls of revelation
 s - 3 scrolls of amnesia
 y - a scroll of teleportation
Potions
 e - a potion of haste
 f - a potion of might
 h - 2 potions of curing
 l - a potion of cancellation
 n - a potion of invisibility
 o - 6 potions of brilliance


   Skills:
 - Level 5.0 Fighting
 - Level 14.0 Ranged Weapons
 + Level 4.4 Armour
 - Level 5.0 Dodging
 - Level 1.2 Stealth


You had 8 spell levels left.
You didn't know any spells.
Your spell library contained the following spells:

 Spells                   Type           Power      Damage    Failure   Level
 Dazzling Flash           Conj/Hex       0%         N/A       88%         3
 Gell's Gravitas          Tloc           0%         N/A       88%         3
 Mephitic Cloud           Conj/Alch/Air  0%         N/A       88%         3
 Teleport Other           Tloc           0%         N/A       88%         3
 Curse of Agony           Necr           0%         N/A       100%        5
 Silence                  Hex/Air        0%         N/A       100%        5
 Dispersal                Tloc           0%         N/A       100%        6


Dungeon Overview and Level Annotations

Branches:
Dungeon (8/15)             Temple (1/1) D:7
   Lair: D:8-11

Altars:
Ashenzari
Cheibriados
Dithmenos
Fedhas
Gozag
Hepliaklqana
Kikubaaqudgha
Makhleb
Nemelex Xobeh
Okawaru
Qazlal
Ru
Sif Muna
Uskayaw
Yredelemnul
Zin

Shops:
D:4 *   D:5 !   D:7 :

Annotations:
D:5 exclusion: downstairs


Message History

The arrow burns the manticore.
The manticore is heavily wounded.
You shoot an arrow. The arrow barely misses the manticore.
An orc comes into view. It is wielding a +0 dagger.
The vampire mosquito bites you but does no damage.
You shoot an arrow. The arrow hits the vampire mosquito.
The arrow burns the vampire mosquito.
The vampire mosquito is moderately damaged.
The vampire mosquito bites you.
The vampire mosquito draws strength from your injuries!
The vampire mosquito closely misses you.
You shoot an arrow. The arrow closely misses the manticore.
The vampire mosquito bites you.
The vampire mosquito draws strength from your injuries!
The manticore bites you! The manticore closely misses you.
The manticore misses you.
Okay, then.
Unknown command.
The barbed spikes dig painfully into your body as you move.
The vampire mosquito attacks as it pursues you!
The vampire mosquito closely misses you.
The vampire mosquito bites you but does no damage.
The manticore attacks as it pursues you!
The manticore bites you. The manticore claws you.
The manticore claws you but does no damage.
The barbed spikes dig painfully into your body as you move.
The vampire mosquito bites you.
* * * LOW HITPOINT WARNING * * *
The vampire mosquito draws strength from your injuries!
The manticore attacks as it pursues you!
The manticore closely misses you.
The manticore claws you but does no damage. x2
There is a stone staircase leading up, spattered with blood here.
You carefully extract the barbed spikes from your body.
The vampire mosquito barely misses you. The vampire mosquito bites you!
* * * LOW HITPOINT WARNING * * *
The vampire mosquito draws strength from your injuries!
The manticore misses you. The manticore claws you!
You die...
Fedhas appreciates your contribution to the ecosystem.

#..# #..# ..#
#..#...##
#..#....#
#..#...#
#..##[.#
#.H....#
#@yo...# ##.
#......#.....
#....$..)#
#......#.....
#..##..# ?##.
#..##..# o
#..#...#
#..#...#
#..#....


You could see a manticore, a vampire mosquito and an orc.

Vanquished Creatures
  Maggie (D:6)
  A kobold demonologist (D:7)
  Grinder (D:3)
  A steam dragon (D:7)
  An acid dragon (D:8)
  A water moccasin (D:7)
  2 orc warriors (D:7)
  2 ice beasts (D:7)
  2 black bears
  An ogre (D:6)
  5 bullfrogs
  A gnoll sergeant (D:6)
  3 bombardier beetles
  A gnoll bouda (D:5)
  2 hounds
  An orc priest (D:4)
  Jessica (D:3)
  4 iguanas
  8 orc wizards
  19 gnolls
  11 adders
  A white imp (D:6)
  5 dart slugs
  21 orcs
  9 endoplasms
  4 giant cockroaches
  9 goblins
  4 hobgoblins
  6 jackals
  4 quokkas
  8 ball pythons
  4 bats
  3 frilled lizards (D:1)
  5 kobolds
  8 rats
160 creatures vanquished.

Notes
Turn   | Place    | Note
-------+----------+-------------------------------------------
     0 | D:1      | Armakuni the Deep Elf Hunter began the quest for the Orb.
     0 | D:1      | Reached XP level 1. HP: 12/12 MP: 3/3
   163 | D:1      | Reached skill level 6 in Ranged Weapons
   163 | D:1      | Reached XP level 2. HP: 16/16 MP: 4/4
   477 | D:1      | Reached XP level 3. HP: 20/20 MP: 5/5
   769 | D:1      | Reached skill level 7 in Ranged Weapons
  1023 | D:2      | Reached XP level 4. HP: 25/25 MP: 6/6
  1358 | D:2      | Reached skill level 8 in Ranged Weapons
  1690 | D:3      | Noticed Jessica
  1874 | D:3      | Reached XP level 5. HP: 29/29 MP: 7/7
  1918 | D:3      | Reached skill level 9 in Ranged Weapons
  2207 | D:3      | Killed Jessica
  2208 | D:3      | Reached XP level 6. HP: 34/34 MP: 8/8
  2210 | D:3      | Found a basalt altar of Yredelemnul.
  2227 | D:3      | Noticed Grinder
  2300 | D:4      | Found Douq's Fire Supplies.
  2305 | D:4      | Bought a +1 shortbow of flaming for 124 gold pieces
  2535 | D:4      | You fall into a shaft and drop 1 floor!
  2535 | D:5      | Entered Level 5 of the Dungeon
  2536 | D:5      | Found a broken altar of Ashenzari.
  2546 | D:5      | Reached skill level 10 in Ranged Weapons
  3022 | D:4      | Found a snail-covered altar of Cheibriados.
  3073 | D:3      | Paralysed by Grinder for 3 turns
  3080 | D:3      | Paralysed by Grinder for 3 turns
  3179 | D:3      | Killed Grinder
  3180 | D:3      | Reached skill level 11 in Ranged Weapons
  3180 | D:3      | Reached XP level 7. HP: 37/38 MP: 9/9
  3717 | D:5      | Reached skill level 12 in Ranged Weapons
  3804 | D:5      | Noticed a +0 hand axe
  3806 | D:5      | Found Xiwouser's Distillery.
  3815 | D:5      | Bought a potion of invisibility for 104 gold pieces
  3815 | D:5      | Bought a potion of curing for 39 gold pieces
  3982 | D:5      | Noticed a +0 dagger
  3987 | D:5      | Found a hide-covered altar of Uskayaw.
  4072 | D:6      | Noticed a two-headed ogre
  4187 | D:6      | Reached skill level 13 in Ranged Weapons
  4187 | D:6      | Reached XP level 8. HP: 31/43 MP: 10/10
  4623 | D:6      | Reached skill level 14 in Ranged Weapons
  4634 | D:6      | Noticed Maggie
  4664 | D:6      | Killed Maggie
  4822 | D:6      | Reached skill level 5 in Dodging
  5346 | D:7      | Reached XP level 9. HP: 51/52 MP: 11/11
  5752 | D:7      | Found Nanif's Self-Improvement Boutique.
  5760 | D:7      | Reached skill level 5 in Fighting
  5760 | D:7      | Reached skill level 1 in Armour
  5837 | D:7      | Found a staircase to the Ecumenical Temple.
  5845 | Temple   | Entered the Ecumenical Temple
  5888 | Temple   | Became a worshipper of Fedhas Madash
  6147 | D:8      | Identified the amulet of the Lizard {Reflect rPois Dex+6
                  | SH+5}
  6147 | D:8      | Noticed a kobold demonologist
  6151 | D:8      | Noticed a manticore
  6161 | D:7      | Noticed a red devil
  6175 | D:7      | Killed a kobold demonologist
  6303 | D:8      | Slain by a manticore

Illustrated notes

Levels and vault maps discovered:
D:1:      dpeg_arrival_snail, layout_basic,
          nicolae_concentric_dashed_squares_mild, minmay_quantized
D:2:      layout_loops_ring
D:3:      layout_rooms, mainiacjoe_overflow_small_starburst,
          saegor_snake_ambush, uniq_grinder, uniq_jessica
D:4:      layout_cave_pods, lemuel_doored_altar, kennysheep_decorative_pillar,
          nicolae_shop_fire_sale [nicolae_sub_dead_trees]
D:5:      layout_rooms, evilmike_ruin_ashenzari, dancing_weapons_uskayaw,
          serial_shops, nicolae_shop_industrial_runoff
D:6:      layout_cave_pools, kennysheep_generic_room_3, uniq_maggie
D:7:      layout_basic, minmay_temple_entry_junction, nicolae_shop_self_help
D:8:      minmay_the_grid_square_5x5_3x3 [minmay_the_grid_square_5x5_inner_i,
          minmay_the_grid_square_5x5_broken_cross,
          minmay_the_grid_square_5x5_gyroscope,
          minmay_the_grid_square_5x5_fancy_junction,
          minmay_the_grid_square_5x5_megaprize_open,
          minmay_the_grid_square_5x5_two_small,
          minmay_the_grid_square_5x5_almost_minimal,
          minmay_the_grid_square_5x5_misaligned,
          minmay_the_grid_square_5x5_moneybag], layout_gridville,
          xom_butterflies, uniq_prince_ribbit1
Temple:   nicolae_temple_godzebo

Skill      XL: |  1  2  3  4  5  6  7  8  9 |
---------------+----------------------------+-----
Ranged Weapons | 6 7 8 9 11 13 14 | 14.0
Fighting       | 4 5 |  5.0
Dodging        | 5 |  5.0
Armour         | 4 |  4.4
Stealth        | |  1.2

Action                     |  1- 3 |  4- 6 |  7- 9 || total
---------------------------+-------+-------+-------++-------
   Fire: Shortbow          |   103 |   204 |   299 ||   606
  Evoke: Wand              |       |     2 |       ||     2
    Use: Scroll            |     1 |     7 |     6 ||    14
         Potion            |       |     8 |     2 ||    10
 Armour: Leather armour    |    19 |    45 |    47 ||   111
         Swamp dragon scal |       |       |    46 ||    46
  Dodge: Dodged            |    23 |    51 |    67 ||   141
